Rangers vs Nordiques
Created - April 19, 2017 at 19:03
Goals
|
| Rangers |
1 |
0 |
0 |
1 |
| Nordiques |
2 |
1 |
1 |
4 |
|
Shots
|
| Rangers |
13 |
11 |
10 |
34 |
| Nordiques |
14 |
4 |
17 |
35 |
|
1st period
1. Nordiques , Jean-Pierre Dumont 27 (Matt Moulson 24) at 14:59
2. Nordiques , Marek Svatos 31 (Chris Drury 51) at 16:03
3. Rangers , Milan Lucic 41 (Cam Barker 34) at 16:54 (SH)
Penalties :
Colten Teubert (NYR) for Interference (Minor) at 8:00, Patrice Bergeron (NYR) for Tripping (Minor) at 16:38
2nd period
4. Nordiques , Rich Peverley 12 (Nikolai Kulemin 11, Dustin Byfuglien 28) at 3:46
Penalties :
Rich Peverley (Que) for Tripping (Minor) at 8:39
3rd period
5. Nordiques , Marek Svatos 32 (Chris Drury 52, R.J. Umberger 38) at 3:29 (PP)
Penalties :
James Neal (NYR) for Roughing (Minor) at 3:16, Darren Reid (NYR) for High sticking (Minor) at 9:14
Goalie Stats
Henrik Lundqvist (NYR), 31 saves from 35 shots - (0.886), L, 26-16-2, 60:00 minutes
Julien Ellis (Que), 33 saves from 34 shots - (0.971), W, 10-7-3, 60:00 minutes
Players Stats for Rangers
Player Name G A P +/- PIM S H SB GA TA FO MP PP MP PK MP
------------------------------------------------------------------------------------
Alexei Emelin 0 0 0 0 0 1 0 0 0 1 0/0 13:20 0:00 0:00
Bryan Young 0 0 0 -1 0 0 0 0 0 0 0/0 5:51 0:00 0:00
Cam Barker 0 1 1 -2 0 1 1 1 0 3 0/0 26:13 1:59 3:12
Chris Bourque 0 0 0 -1 0 5 2 0 1 0 0/0 15:40 0:00 0:42
Colten Teubert 0 0 0 0 2 0 0 2 1 1 0/0 13:20 0:00 0:00
Darren Reid 0 0 0 -1 2 4 4 0 0 0 1/1 17:15 1:32 0:00
Jakob Silfverberg 0 0 0 -1 0 2 1 0 0 0 0/0 13:36 0:00 0:00
James Neal 0 0 0 -1 2 2 1 1 0 1 1/1 16:06 0:27 0:00
Mark Fistric 0 0 0 -1 0 1 0 1 0 1 0/0 22:58 1:59 3:12
Matt Greene 0 0 0 0 0 0 1 1 1 0 0/0 19:41 0:00 2:58
Matt Read 0 0 0 0 0 0 0 0 0 0 0/0 7:47 0:00 0:00
Mike Cammalleri 0 0 0 -1 0 2 1 0 0 1 0/0 17:37 0:27 1:30
Milan Lucic 1 0 1 0 0 6 2 0 0 1 5/12 23:55 1:32 4:04
Nathan Gerbe 0 0 0 0 0 0 0 0 0 0 0/0 7:51 0:00 0:00
Patrice Bergeron 0 0 0 -1 2 2 2 0 0 0 7/18 18:19 1:32 2:22
Staffan Kronwall 0 0 0 0 0 0 1 0 0 0 0/0 19:37 0:00 2:58
Stephen Weiss 0 0 0 -1 0 6 1 0 1 0 6/8 17:55 0:27 1:55
Valtteri Filppula 0 0 0 0 0 2 1 0 1 0 5/8 16:45 0:00 1:47
Players Stats for Nordiques
Player Name G A P +/- PIM S H SB GA TA FO MP PP MP PK MP
------------------------------------------------------------------------------------
Chris Drury 0 2 2 0 0 1 3 1 1 0 15/29 20:10 3:28 0:23
Dmitry Kulikov 0 0 0 1 0 0 1 4 0 0 0/0 19:14 3:18 0:00
Dustin Byfuglien 0 1 1 1 0 2 1 2 1 0 0/0 24:29 2:52 0:45
Fedor Tyutin 0 0 0 2 0 1 1 0 0 0 0/0 22:22 1:47 0:00
Jean-Pierre Dumont 1 0 1 1 0 2 1 0 1 0 0/0 15:07 2:42 0:00
Kyle Calder 0 0 0 0 0 2 0 0 0 1 1/1 14:46 0:00 0:48
Marek Svatos 2 0 2 0 0 10 2 0 0 1 0/0 19:13 3:28 0:00
Mark Eaton 0 0 0 0 0 0 1 2 0 0 0/0 15:39 0:00 1:14
Matt Moulson 0 1 1 1 0 1 0 0 1 1 0/0 15:54 2:42 0:14
Nikita Kucherov 0 0 0 0 0 2 1 0 1 0 0/0 14:09 0:00 0:00
Nikolai Kulemin 0 1 1 1 0 0 0 0 0 0 0/0 9:25 0:00 0:00
Pascal Dupuis 0 0 0 1 0 0 1 0 2 0 0/0 10:37 0:00 0:57
Paul Gaustad 0 0 0 0 0 2 1 1 0 1 3/8 14:58 0:00 0:54
R.J. Umberger 0 1 1 0 0 3 3 1 1 0 0/1 19:09 3:28 0:00
Rich Peverley 1 0 1 1 2 2 2 0 0 0 1/3 10:26 0:00 0:00
Ryan Ellis 0 0 0 0 0 0 1 1 0 1 0/0 21:21 4:23 0:45
T.J. Fast 0 0 0 0 0 0 0 1 0 0 0/0 15:39 0:00 1:14
Vaclav Prospal 0 0 0 1 0 7 4 1 1 0 3/6 15:22 2:42 0:42
3 Stars
1 - Julien Ellis (Que)
2 - Marek Svatos (Que)
3 - Chris Drury (Que)
Power Play
Rangers - 0 on 1 Attempt(s) - 0.00%
Nordiques - 1 on 4 Attempt(s) - 25.00%
Penalty Kill
Rangers - 3 on 4 Attempt(s) - 75.00%
- Score 1 goal in Penalty Kill
Nordiques - 1 on 1 Attempt(s) - 100.00%
- Score 0 goal in Penalty Kill
Team Stat
Rangers - Hits : 18 - Faceoff Wins : 25 - Blocked Shots : 6 - Penalty Minutes : 8
Nordiques - Hits : 23 - Faceoff Wins : 23 - Blocked Shots : 14 - Penalty Minutes : 2
Official
Referees : McCreary Bill and McCauley Wes
Linesman : Don Henderson and Greg Devorski
Game Notes
No Game Note
Finance
Level 1 -- Attendance: 4515 (75.25%) -- Ticket Income $451,500
Level 2 -- Attendance: 3669 (73.38%) -- Ticket Income $220,140
Level 3 -- Attendance: 1316 (65.80%) -- Ticket Income $53,956
Level 4 -- Attendance: 2224 (55.60%) -- Ticket Income $66,720
Luxury Box -- Attendance: 1000 (100.00%) -- Ticket Income $160,000
Game was played at the Centre Videotron.
Total Attendance: 12724 (70.69%)
Total Ticket Income: $952,316
Other Income: $142,847
Total Income: $1,095,163
Rangers
5 vs 5 Forward
Center Left Wing Right Wing Time % Phy DF OF
1 Patrice Bergeron Milan Lucic Darren Reid 40 1 2 2
2 Stephen Weiss Mike Cammalleri James Neal 30 1 2 2
3 Valtteri Filppula Chris Bourque Jakob Silfverberg 20 1 2 2
4 Milan Lucic Nathan Gerbe Matt Read 10 1 2 2
5 vs 5 Defense
Defense Defense Time % Phy DF OF
1 Cam Barker Mark Fistric 40 1 2 2
2 Matt Greene Staffan Kronwall 30 1 2 2
3 Alexei Emelin Colten Teubert 20 1 2 2
4 Bryan Young Cam Barker 10 1 2 2
PowerPlay Forward
Center Left Wing Right Wing Time % Phy DF OF
1 Patrice Bergeron Milan Lucic Darren Reid 60 1 2 2
2 Stephen Weiss Mike Cammalleri James Neal 40 1 2 2
PowerPlay Defense
Defense Defense Time % Phy DF OF
1 Cam Barker Mark Fistric 60 1 2 2
2 Matt Greene Staffan Kronwall 40 1 2 2
Penalty Kill 4 Players Forward
Center Wing Time % Phy DF OF
1 Milan Lucic Patrice Bergeron 60 1 2 2
2 Stephen Weiss Mike Cammalleri 40 1 2 2
Penalty Kill 4 Players Defense
Defense Defense Time % Phy DF OF
1 Cam Barker Mark Fistric 60 1 2 2
2 Matt Greene Staffan Kronwall 40 1 2 2
Penalty Kill - 3 Players Forward
Forward Time % Phy DF OF
1 Milan Lucic 60 1 2 2
2 Patrice Bergeron 40 1 2 2
Penalty Kill - 3 Players Defense
Defense Defense Time % Phy DF OF
1 Cam Barker Mark Fistric 60 1 2 2
2 Matt Greene Staffan Kronwall 40 1 2 2
4 vs 4 Forward
Center Wing Time % Phy DF OF
1 Milan Lucic Patrice Bergeron 60 1 2 2
2 Stephen Weiss Mike Cammalleri 40 1 2 2
4 vs 4 Defense
Defense Defense Time % Phy DF OF
1 Cam Barker Mark Fistric 60 1 2 2
2 Matt Greene Staffan Kronwall 40 1 2 2
Last Minutes Offensive
Center Left Wing Right Wing Defense Defense
Patrice Bergeron Milan Lucic Darren Reid Cam Barker Mark Fistric
Last Minutes Defensive
Center Left Wing Right Wing Defense Defense
Patrice Bergeron Milan Lucic Darren Reid Cam Barker Mark Fistric
Goaltenders
Starting : Henrik Lundqvist
Backup : Hannu Toivonen
Extra Forwards
Normal : Jakob Silfverberg, Matt Read, Valtteri Filppula - PP : Jakob Silfverberg, Matt Read - PK : Valtteri Filppula
Extra Defensemen
Normal : Alexei Emelin, Colten Teubert, Bryan Young - PP : Alexei Emelin - PK : Colten Teubert, Bryan Young
Penalty Shots
Milan Lucic, Patrice Bergeron, Stephen Weiss, Mike Cammalleri, Darren Reid
Scratches
Alexandre Bolduc (Healthy), Ryan Suter (Bruised Left Shoulder Injury)
Nordiques
5 vs 5 Forward
Center Left Wing Right Wing Time % Phy DF OF
1 Chris Drury R.J. Umberger Marek Svatos 40 0 3 2
2 Vaclav Prospal Matt Moulson Jean-Pierre Dumont 30 0 3 2
3 Paul Gaustad Kyle Calder Nikita Kucherov 20 0 3 2
4 Rich Peverley Nikolai Kulemin Pascal Dupuis 10 0 3 2
5 vs 5 Defense
Defense Defense Time % Phy DF OF
1 Fedor Tyutin Dustin Byfuglien 40 0 5 0
2 Dmitry Kulikov Ryan Ellis 30 0 5 0
3 T.J. Fast Mark Eaton 20 0 5 0
4 Fedor Tyutin Dustin Byfuglien 10 0 5 0
PowerPlay Forward
Center Left Wing Right Wing Time % Phy DF OF
1 Chris Drury R.J. Umberger Marek Svatos 60 0 0 5
2 Vaclav Prospal Matt Moulson Jean-Pierre Dumont 40 0 0 5
PowerPlay Defense
Defense Defense Time % Phy DF OF
1 Dustin Byfuglien Ryan Ellis 60 0 2 3
2 Fedor Tyutin Dmitry Kulikov 40 0 2 3
Penalty Kill 4 Players Forward
Center Wing Time % Phy DF OF
1 Paul Gaustad Pascal Dupuis 60 0 4 1
2 Kyle Calder Vaclav Prospal 40 0 4 1
Penalty Kill 4 Players Defense
Defense Defense Time % Phy DF OF
1 T.J. Fast Mark Eaton 60 0 4 1
2 Dustin Byfuglien Ryan Ellis 40 0 4 1
Penalty Kill - 3 Players Forward
Forward Time % Phy DF OF
1 Paul Gaustad 60 0 5 0
2 Pascal Dupuis 40 0 5 0
Penalty Kill - 3 Players Defense
Defense Defense Time % Phy DF OF
1 T.J. Fast Mark Eaton 60 0 5 0
2 Dustin Byfuglien Dmitry Kulikov 40 0 5 0
4 vs 4 Forward
Center Wing Time % Phy DF OF
1 R.J. Umberger Chris Drury 60 0 1 4
2 Jean-Pierre Dumont Vaclav Prospal 40 0 1 4
4 vs 4 Defense
Defense Defense Time % Phy DF OF
1 Dustin Byfuglien Dmitry Kulikov 60 0 3 2
2 Fedor Tyutin Ryan Ellis 40 0 3 2
Last Minutes Offensive
Center Left Wing Right Wing Defense Defense
Chris Drury R.J. Umberger Jean-Pierre Dumont Dustin Byfuglien Fedor Tyutin
Last Minutes Defensive
Center Left Wing Right Wing Defense Defense
Paul Gaustad Kyle Calder Pascal Dupuis T.J. Fast Mark Eaton
Goaltenders
Starting : Julien Ellis
Backup : Martin Brodeur
Extra Forwards
Normal : Chris Drury, Jean-Pierre Dumont, R.J. Umberger - PP : Chris Drury, Jean-Pierre Dumont - PK : Pascal Dupuis
Extra Defensemen
Normal : Dmitry Kulikov, Ryan Ellis, Dustin Byfuglien - PP : Dmitry Kulikov - PK : Ryan Ellis, Dustin Byfuglien
Penalty Shots
R.J. Umberger, Chris Drury, Jean-Pierre Dumont, Vaclav Prospal, Marek Svatos
Scratches
Jarret Stoll (Healthy), Michael Ryder (Healthy), Niklas Kronwall (Healthy), Loïc Lacasse (Healthy)
% Time on Ice - Rangers
Lines # - Real PCT - Wanted PCT - Time Play
Normal Forward
1 - 31% - 40% - 15:54
2 - 33% - 30% - 17:18
3 - 25% - 20% - 12:44
4 - 11% - 10% - 5:55
Normal Defense
1 - 37% - 40% - 19:04
2 - 31% - 30% - 16:08
3 - 25% - 20% - 12:47
4 - 7% - 10% - 3:52
PP Forward
1 - 77% - 60% - 1:32
2 - 23% - 40% - 0:27
PP Defense
1 - 100% - 60% - 1:59
2 - 0% - 40% - 0:00
PK Forward
1 - 76% - 60% - 4:40
2 - 24% - 40% - 1:30
PK Defense
1 - 52% - 60% - 3:12
2 - 48% - 40% - 2:58
PK3 Forward
1 - 0% - 60%
2 - 0% - 40%
PK3 Defense
1 - 0% - 60%
2 - 0% - 40%
44 Forward
1 - 0% - 60%
2 - 0% - 40%
44 Defense
1 - 0% - 60%
2 - 0% - 40%
Last Minute Offensive - 0:00
Last Minute Defensive - 0:00
Total
Forward - 60:00
Defense - 60:00
|
% Time on Ice - Nordiques
Lines # - Real PCT - Wanted PCT - Time Play
Normal Forward
1 - 33% - 40% - 17:08
2 - 22% - 30% - 11:30
3 - 27% - 20% - 13:48
4 - 18% - 10% - 9:25
Normal Defense
1 - 39% - 40% - 20:20
2 - 31% - 30% - 16:11
3 - 24% - 20% - 12:41
4 - 5% - 10% - 2:39
PP Forward
1 - 56% - 60% - 3:28
2 - 44% - 40% - 2:42
PP Defense
1 - 71% - 60% - 4:23
2 - 29% - 40% - 1:47
PK Forward
1 - 65% - 60% - 1:17
2 - 35% - 40% - 0:42
PK Defense
1 - 62% - 60% - 1:14
2 - 38% - 40% - 0:45
PK3 Forward
1 - 0% - 60%
2 - 0% - 40%
PK3 Defense
1 - 0% - 60%
2 - 0% - 40%
44 Forward
1 - 0% - 60%
2 - 0% - 40%
44 Defense
1 - 0% - 60%
2 - 0% - 40%
Last Minute Offensive - 0:00
Last Minute Defensive - 0:00
Total
Forward - 60:00
Defense - 60:00
|
Play by Play
1st period
0:01 of 1st period - Patrice Bergeron wins face-off versus Chris Drury in neutral zone.
0:25 of 1st period - Dustin Byfuglien is hit by Stephen Weiss and loses puck.
0:31 of 1st period - Off-side.
0:32 of 1st period - Valtteri Filppula wins face-off versus Paul Gaustad in neutral zone.
0:41 of 1st period - Wrist shot by Nikita Kucherov.
0:41 of 1st period - Shot Misses the Net.
1:39 of 1st period - Dustin Byfuglien is hit by Jakob Silfverberg and loses puck.
3:36 of 1st period - Wrist shot by Jean-Pierre Dumont.
3:36 of 1st period - Stopped by Henrik Lundqvist with a rebound.
3:38 of 1st period - Slapshot by Mark Eaton.
3:38 of 1st period - Shot Misses the Net.
4:04 of 1st period - Matt Greene is hit by Ryan Ellis and loses puck.
4:21 of 1st period - Wrist shot by James Neal.
4:21 of 1st period - Shot Blocked by Dmitry Kulikov.
4:23 of 1st period - Snap shot by James Neal.
4:23 of 1st period - Shot Misses the Net.
4:55 of 1st period - Slapshot by Vaclav Prospal.
4:55 of 1st period - Shot Misses the Net.
4:57 of 1st period - Snap shot by Vaclav Prospal.
4:57 of 1st period - Shot Misses the Net.
4:59 of 1st period - Snap shot by Matt Moulson.
4:59 of 1st period - Shot Misses the Net.
5:01 of 1st period - Snap shot by Jean-Pierre Dumont.
5:01 of 1st period - Shot Misses the Net.
5:03 of 1st period - Snap shot by Vaclav Prospal.
5:03 of 1st period - Stopped by Henrik Lundqvist without a rebound.
5:04 of 1st period - Stephen Weiss wins face-off versus Chris Drury in Rangers zone.
5:13 of 1st period - Snap shot by Stephen Weiss.
5:13 of 1st period - Stopped by Julien Ellis with a rebound.
5:15 of 1st period - Wrist shot by James Neal.
5:15 of 1st period - Stopped by Julien Ellis without a rebound.
5:16 of 1st period - Chris Drury wins face-off versus Patrice Bergeron in Nordiques zone.
5:33 of 1st period - Wrist shot by R.J. Umberger.
5:33 of 1st period - Stopped by Henrik Lundqvist with a rebound.
5:53 of 1st period - Snap shot by Stephen Weiss.
5:53 of 1st period - Stopped by Julien Ellis with a rebound.
6:13 of 1st period - Snap shot by Kyle Calder.
6:13 of 1st period - Shot Misses the Net.
6:19 of 1st period - Fedor Tyutin is hit by Valtteri Filppula and loses puck.
6:38 of 1st period - Slapshot by Milan Lucic.
6:38 of 1st period - Stopped by Julien Ellis with a rebound.
7:25 of 1st period - Wrist shot by Vaclav Prospal.
7:25 of 1st period - Stopped by Henrik Lundqvist with a rebound.
7:35 of 1st period - Slapshot by Matt Moulson.
7:35 of 1st period - Shot Misses the Net.
7:51 of 1st period - Mark Eaton is hit by James Neal and loses puck.
8:00 of 1st period - Minor Penalty to Colten Teubert for Interference.
8:01 of 1st period - Milan Lucic wins face-off versus Chris Drury in Rangers zone.
8:28 of 1st period - Ryan Ellis is hit by Patrice Bergeron and loses puck.
9:01 of 1st period - Mark Fistric is hit by Chris Drury and loses puck.
9:23 of 1st period - Icing by Dmitry Kulikov.
9:24 of 1st period - Valtteri Filppula wins face-off versus Chris Drury in Nordiques zone.
9:25 of 1st period - Snap shot by Milan Lucic.
9:25 of 1st period - Shot Misses the Net.
9:33 of 1st period - Chris Drury is hit by Milan Lucic and loses puck.
10:00 of 1st period - Penalty to Colten Teubert is over, Colten Teubert is back on ice.
10:06 of 1st period - Cam Barker is hit by Dustin Byfuglien and loses puck.
10:14 of 1st period - Icing by Valtteri Filppula.
10:15 of 1st period - Paul Gaustad wins face-off versus Valtteri Filppula in Rangers zone.
10:16 of 1st period - Wrist shot by Kyle Calder.
10:16 of 1st period - Stopped by Henrik Lundqvist without a rebound.
10:17 of 1st period - Paul Gaustad wins face-off versus Patrice Bergeron in Rangers zone.
10:30 of 1st period - Slapshot by Milan Lucic.
10:30 of 1st period - Deflect By Mark Eaton.
10:30 of 1st period - Shot Misses the Net.
10:30 of 1st period - Puck is out of play.
10:31 of 1st period - Chris Drury wins face-off versus Patrice Bergeron in Nordiques zone.
12:14 of 1st period - Snap shot by Stephen Weiss.
12:14 of 1st period - Stopped by Julien Ellis with a rebound.
12:20 of 1st period - Jakob Silfverberg is hit by Fedor Tyutin and loses puck.
12:55 of 1st period - Icing by Mark Fistric.
12:56 of 1st period - Milan Lucic wins face-off versus Rich Peverley in Rangers zone.
12:56 of 1st period - Milan Lucic is hit by Rich Peverley.
13:40 of 1st period - Snap shot by Valtteri Filppula.
13:40 of 1st period - Stopped by Julien Ellis with a rebound.
14:08 of 1st period - Snap shot by Paul Gaustad.
14:08 of 1st period - Stopped by Henrik Lundqvist with a rebound.
14:25 of 1st period - Snap shot by Rich Peverley.
14:25 of 1st period - Shot Blocked by James Neal.
14:38 of 1st period - Mark Fistric is hit by Mark Eaton and loses puck.
14:45 of 1st period - Wrist shot by Marek Svatos.
14:45 of 1st period - Stopped by Henrik Lundqvist with a rebound.
14:47 of 1st period - Slapshot by Chris Drury.
14:47 of 1st period - Shot Misses the Net.
14:49 of 1st period - Wrist shot by R.J. Umberger.
14:49 of 1st period - Stopped by Henrik Lundqvist with a rebound.
14:59 of 1st period - Wrist shot by Jean-Pierre Dumont.
14:59 of 1st period - Goal by Jean-Pierre Dumont - Rangers : 0 - Nordiques : 1.
15:00 of 1st period - Patrice Bergeron wins face-off versus R.J. Umberger in neutral zone.
15:12 of 1st period - Slapshot by Milan Lucic.
15:12 of 1st period - Shot Misses the Net.
15:26 of 1st period - Matt Greene is hit by Jean-Pierre Dumont and loses puck.
15:55 of 1st period - Wrist shot by Paul Gaustad.
15:55 of 1st period - Stopped by Henrik Lundqvist without a rebound.
15:56 of 1st period - Chris Drury wins face-off versus Patrice Bergeron in Rangers zone.
16:01 of 1st period - Backhand shot by Chris Drury.
16:01 of 1st period - Deflect By R.J. Umberger.
16:01 of 1st period - Shot Blocked by Mark Fistric.
16:01 of 1st period - Puck is out of play.
16:02 of 1st period - Chris Drury wins face-off versus Patrice Bergeron in Rangers zone.
16:03 of 1st period - Wrist shot by Marek Svatos.
16:03 of 1st period - Goal by Marek Svatos - Rangers : 0 - Nordiques : 2.
16:04 of 1st period - Chris Drury wins face-off versus Patrice Bergeron in neutral zone.
16:15 of 1st period - Snap shot by Darren Reid.
16:15 of 1st period - Stopped by Julien Ellis without a rebound.
16:16 of 1st period - Patrice Bergeron wins face-off versus Chris Drury in Nordiques zone.
16:29 of 1st period - Ryan Ellis is hit by Darren Reid and loses puck.
16:38 of 1st period - Minor Penalty to Patrice Bergeron for Tripping.
16:39 of 1st period - Valtteri Filppula wins face-off versus Chris Drury in Rangers zone.
16:52 of 1st period - Snap shot by Milan Lucic.
16:52 of 1st period - Shot Blocked by R.J. Umberger.
16:54 of 1st period - Snap shot by Milan Lucic.
16:54 of 1st period - Goal by Milan Lucic - Rangers : 1 - Nordiques : 2.
16:55 of 1st period - Milan Lucic wins face-off versus Chris Drury in neutral zone.
16:58 of 1st period - R.J. Umberger is hit by Cam Barker and loses puck.
17:05 of 1st period - Snap shot by Milan Lucic.
17:05 of 1st period - Stopped by Julien Ellis with a rebound.
17:13 of 1st period - Cam Barker is hit by R.J. Umberger and loses puck.
17:26 of 1st period - Slapshot by Vaclav Prospal.
17:26 of 1st period - Shot Misses the Net.
17:28 of 1st period - Snap shot by Vaclav Prospal.
17:28 of 1st period - Stopped by Henrik Lundqvist without a rebound.
17:29 of 1st period - Vaclav Prospal wins face-off versus Milan Lucic in Rangers zone.
18:10 of 1st period - Snap shot by Vaclav Prospal.
18:10 of 1st period - Stopped by Henrik Lundqvist with a rebound.
18:12 of 1st period - Slapshot by Jean-Pierre Dumont.
18:12 of 1st period - Deflect By Matt Moulson.
18:12 of 1st period - Shot Blocked by Matt Greene.
18:12 of 1st period - Puck is out of play.
18:13 of 1st period - Chris Drury wins face-off versus Milan Lucic in Rangers zone.
18:38 of 1st period - Penalty to Patrice Bergeron is over, Patrice Bergeron is back on ice.
18:38 of 1st period - Slapshot by Cam Barker.
18:38 of 1st period - Shot Blocked by Dustin Byfuglien.
18:44 of 1st period - Wrist shot by Stephen Weiss.
18:44 of 1st period - Shot Misses the Net.
18:46 of 1st period - Snap shot by Stephen Weiss.
18:46 of 1st period - Stopped by Julien Ellis without a rebound.
18:47 of 1st period - Valtteri Filppula wins face-off versus Paul Gaustad in Nordiques zone.
18:48 of 1st period - Slapshot by Chris Bourque.
18:48 of 1st period - Stopped by Julien Ellis without a rebound.
18:49 of 1st period - Kyle Calder wins face-off versus Valtteri Filppula in Nordiques zone.
19:29 of 1st period - Wrist shot by Nikita Kucherov.
19:29 of 1st period - Stopped by Henrik Lundqvist with a rebound.
19:45 of 1st period - Snap shot by Chris Bourque.
19:45 of 1st period - Shot Misses the Net.
19:47 of 1st period - Slapshot by Chris Bourque.
19:47 of 1st period - Stopped by Julien Ellis with a rebound.
19:49 of 1st period - Slapshot by Jakob Silfverberg.
19:49 of 1st period - Stopped by Julien Ellis without a rebound.
19:50 of 1st period - Patrice Bergeron wins face-off versus Chris Drury in Nordiques zone.
Goals for this period are 1 for Rangers vs 2 for Nordiques.
Shots for this period are 13 for Rangers vs 14 for Nordiques.
2nd period
0:01 of 2nd period - Chris Drury wins face-off versus Patrice Bergeron in neutral zone.
0:04 of 2nd period - Patrice Bergeron is hit by R.J. Umberger and loses puck.
0:34 of 2nd period - Snap shot by Vaclav Prospal.
0:34 of 2nd period - Stopped by Henrik Lundqvist with a rebound.
0:52 of 2nd period - Snap shot by Rich Peverley.
0:52 of 2nd period - Shot Misses the Net.
1:17 of 2nd period - Wrist shot by Darren Reid.
1:17 of 2nd period - Shot Blocked by Ryan Ellis.
1:33 of 2nd period - Snap shot by James Neal.
1:33 of 2nd period - Stopped by Julien Ellis with a rebound.
3:30 of 2nd period - Wrist shot by Matt Moulson.
3:30 of 2nd period - Stopped by Henrik Lundqvist with a rebound.
3:32 of 2nd period - Snap shot by Vaclav Prospal.
3:32 of 2nd period - Shot Misses the Net.
3:46 of 2nd period - Snap shot by Rich Peverley.
3:46 of 2nd period - Goal by Rich Peverley - Rangers : 1 - Nordiques : 3.
3:47 of 2nd period - Chris Drury wins face-off versus Stephen Weiss in neutral zone.
3:54 of 2nd period - Snap shot by Marek Svatos.
3:54 of 2nd period - Stopped by Henrik Lundqvist without a rebound.
3:55 of 2nd period - Chris Drury wins face-off versus Stephen Weiss in Rangers zone.
3:56 of 2nd period - Snap shot by Marek Svatos.
3:56 of 2nd period - Shot Blocked by Colten Teubert.
4:10 of 2nd period - Snap shot by James Neal.
4:10 of 2nd period - Shot Blocked by Chris Drury.
5:08 of 2nd period - Snap shot by Stephen Weiss.
5:08 of 2nd period - Deflect By Mike Cammalleri.
5:08 of 2nd period - Stopped by Julien Ellis with a rebound.
5:10 of 2nd period - Snap shot by Stephen Weiss.
5:10 of 2nd period - Stopped by Julien Ellis with a rebound.
7:13 of 2nd period - James Neal is hit by Rich Peverley and loses puck.
8:13 of 2nd period - Darren Reid is hit by Chris Drury and loses puck.
8:39 of 2nd period - Minor Penalty to Rich Peverley for Tripping.
8:40 of 2nd period - Stephen Weiss wins face-off versus Paul Gaustad in Nordiques zone.
9:41 of 2nd period - Snap shot by Milan Lucic.
9:41 of 2nd period - Shot Blocked by Dustin Byfuglien.
9:43 of 2nd period - Snap shot by Darren Reid.
9:43 of 2nd period - Shot Misses the Net.
9:45 of 2nd period - Slapshot by Cam Barker.
9:45 of 2nd period - Stopped by Julien Ellis with a rebound.
10:39 of 2nd period - Penalty to Rich Peverley is over, Rich Peverley is back on ice.
10:41 of 2nd period - Snap shot by Darren Reid.
10:41 of 2nd period - Stopped by Julien Ellis with a rebound.
10:43 of 2nd period - Wrist shot by Milan Lucic.
10:43 of 2nd period - Shot Blocked by T.J. Fast.
10:45 of 2nd period - Slapshot by Patrice Bergeron.
10:45 of 2nd period - Shot Misses the Net.
12:02 of 2nd period - Wrist shot by Darren Reid.
12:02 of 2nd period - Stopped by Julien Ellis with a rebound.
12:04 of 2nd period - Wrist shot by Darren Reid.
12:04 of 2nd period - Shot Blocked by Mark Eaton.
12:06 of 2nd period - Slapshot by Mark Fistric.
12:06 of 2nd period - Stopped by Julien Ellis with a rebound.
12:10 of 2nd period - Wrist shot by Milan Lucic.
12:10 of 2nd period - Stopped by Julien Ellis with a rebound.
12:12 of 2nd period - Wrist shot by Milan Lucic.
12:12 of 2nd period - Shot Blocked by Mark Eaton.
12:14 of 2nd period - Wrist shot by Patrice Bergeron.
12:14 of 2nd period - Stopped by Julien Ellis with a rebound.
12:16 of 2nd period - Snap shot by Patrice Bergeron.
12:16 of 2nd period - Deflect By Milan Lucic.
12:16 of 2nd period - Stopped by Julien Ellis with a rebound.
12:22 of 2nd period - Wrist shot by Milan Lucic.
12:22 of 2nd period - Stopped by Julien Ellis without a rebound.
12:23 of 2nd period - James Neal wins face-off versus Paul Gaustad in Nordiques zone.
13:59 of 2nd period - Valtteri Filppula is hit by Pascal Dupuis and loses puck.
16:51 of 2nd period - Jean-Pierre Dumont is hit by Mike Cammalleri and loses puck.
19:01 of 2nd period - Icing by Stephen Weiss.
19:02 of 2nd period - Darren Reid wins face-off versus Rich Peverley in Rangers zone.
19:07 of 2nd period - Nikolai Kulemin is hit by Darren Reid and loses puck.
19:40 of 2nd period - Patrice Bergeron is hit by Paul Gaustad and loses puck.
19:50 of 2nd period - Icing by Paul Gaustad.
19:51 of 2nd period - Chris Drury wins face-off versus Milan Lucic in Nordiques zone.
Goals for this period are 0 for Rangers vs 1 for Nordiques.
Shots for this period are 11 for Rangers vs 4 for Nordiques.
3rd period
0:01 of 3rd period - Vaclav Prospal wins face-off versus Patrice Bergeron in neutral zone.
0:04 of 3rd period - Milan Lucic is hit by Vaclav Prospal and loses puck.
0:25 of 3rd period - Cam Barker is hit by R.J. Umberger and loses puck.
0:40 of 3rd period - Matt Greene is hit by Dmitry Kulikov and loses puck.
0:51 of 3rd period - Fedor Tyutin is hit by Matt Greene and loses puck.
1:26 of 3rd period - Wrist shot by Vaclav Prospal.
1:26 of 3rd period - Stopped by Henrik Lundqvist without a rebound.
1:27 of 3rd period - Chris Drury wins face-off versus Milan Lucic in Rangers zone.
2:11 of 3rd period - Off-side.
2:12 of 3rd period - Paul Gaustad wins face-off versus Valtteri Filppula in neutral zone.
2:31 of 3rd period - Paul Gaustad is hit by Chris Bourque and loses puck.
2:42 of 3rd period - Snap shot by Valtteri Filppula.
2:42 of 3rd period - Deflect By Chris Bourque.
2:42 of 3rd period - Stopped by Julien Ellis without a rebound.
2:43 of 3rd period - Chris Drury wins face-off versus Patrice Bergeron in Nordiques zone.
3:16 of 3rd period - Minor Penalty to James Neal for Roughing.
3:17 of 3rd period - Chris Drury wins face-off versus Milan Lucic in Rangers zone.
3:29 of 3rd period - Backhand shot by Marek Svatos.
3:29 of 3rd period - Goal by Marek Svatos - Rangers : 1 - Nordiques : 4.
3:30 of 3rd period - Patrice Bergeron wins face-off versus Chris Drury in neutral zone.
4:07 of 3rd period - Slapshot by Mark Fistric.
4:07 of 3rd period - Shot Misses the Net.
4:09 of 3rd period - Snap shot by Mark Fistric.
4:09 of 3rd period - Shot Blocked by Paul Gaustad.
4:15 of 3rd period - Wrist shot by Patrice Bergeron.
4:15 of 3rd period - Stopped by Julien Ellis without a rebound.
4:16 of 3rd period - Stephen Weiss wins face-off versus Chris Drury in Nordiques zone.
4:41 of 3rd period - Icing by Matt Greene.
4:42 of 3rd period - Vaclav Prospal wins face-off versus Milan Lucic in Rangers zone.
5:05 of 3rd period - Mark Fistric is hit by Marek Svatos and loses puck.
5:12 of 3rd period - Wrist shot by Chris Drury.
5:12 of 3rd period - Shot Misses the Net.
5:14 of 3rd period - Wrist shot by Chris Drury.
5:14 of 3rd period - Shot Misses the Net.
5:28 of 3rd period - Snap shot by Chris Bourque.
5:28 of 3rd period - Stopped by Julien Ellis with a rebound.
5:30 of 3rd period - Wrist shot by Jakob Silfverberg.
5:30 of 3rd period - Stopped by Julien Ellis without a rebound.
5:31 of 3rd period - Valtteri Filppula wins face-off versus Paul Gaustad in Nordiques zone.
5:32 of 3rd period - Wrist shot by Chris Bourque.
5:32 of 3rd period - Shot Misses the Net.
5:38 of 3rd period - Wrist shot by Valtteri Filppula.
5:38 of 3rd period - Stopped by Julien Ellis without a rebound.
5:39 of 3rd period - Patrice Bergeron wins face-off versus Chris Drury in Nordiques zone.
6:08 of 3rd period - Wrist shot by Jean-Pierre Dumont.
6:08 of 3rd period - Shot Misses the Net.
6:10 of 3rd period - Wrist shot by Vaclav Prospal.
6:10 of 3rd period - Stopped by Henrik Lundqvist without a rebound.
6:11 of 3rd period - Stephen Weiss wins face-off versus Vaclav Prospal in Rangers zone.
6:20 of 3rd period - Wrist shot by Vaclav Prospal.
6:20 of 3rd period - Shot Misses the Net.
6:22 of 3rd period - Snap shot by Dustin Byfuglien.
6:22 of 3rd period - Stopped by Henrik Lundqvist without a rebound.
6:23 of 3rd period - Chris Drury wins face-off versus Patrice Bergeron in Rangers zone.
6:40 of 3rd period - Snap shot by Marek Svatos.
6:40 of 3rd period - Shot Misses the Net.
6:56 of 3rd period - Cam Barker is hit by Vaclav Prospal and loses puck.
7:21 of 3rd period - Slapshot by Rich Peverley.
7:21 of 3rd period - Stopped by Henrik Lundqvist with a rebound.
7:23 of 3rd period - Slapshot by Dustin Byfuglien.
7:23 of 3rd period - Stopped by Henrik Lundqvist with a rebound.
7:33 of 3rd period - Nikita Kucherov is hit by Staffan Kronwall.
7:41 of 3rd period - Snap shot by Nikita Kucherov.
7:41 of 3rd period - Stopped by Henrik Lundqvist with a rebound.
7:43 of 3rd period - Slapshot by Kyle Calder.
7:43 of 3rd period - Shot Blocked by Colten Teubert.
8:39 of 3rd period - Snap shot by Chris Bourque.
8:39 of 3rd period - Shot Misses the Net.
9:14 of 3rd period - Minor Penalty to Darren Reid for High sticking.
9:15 of 3rd period - Milan Lucic wins face-off versus Chris Drury in Rangers zone.
9:24 of 3rd period - Patrice Bergeron is hit by Marek Svatos and loses puck.
9:46 of 3rd period - Off-side.
9:47 of 3rd period - Stephen Weiss wins face-off versus Vaclav Prospal in neutral zone.
10:38 of 3rd period - Mike Cammalleri is hit by Vaclav Prospal and loses puck.
11:14 of 3rd period - Penalty to Darren Reid is over, Darren Reid is back on ice.
12:12 of 3rd period - Mark Eaton is hit by Darren Reid and loses puck.
12:35 of 3rd period - Wrist shot by Chris Bourque.
12:35 of 3rd period - Stopped by Julien Ellis with a rebound.
12:37 of 3rd period - Slapshot by Alexei Emelin.
12:37 of 3rd period - Stopped by Julien Ellis with a rebound.
12:39 of 3rd period - Slapshot by Alexei Emelin.
12:39 of 3rd period - Shot Blocked by Dmitry Kulikov.
12:41 of 3rd period - Snap shot by Darren Reid.
12:41 of 3rd period - Stopped by Julien Ellis with a rebound.
13:12 of 3rd period - Snap shot by Valtteri Filppula.
13:12 of 3rd period - Deflect By Chris Bourque.
13:12 of 3rd period - Shot Blocked by Dmitry Kulikov.
13:12 of 3rd period - Puck is out of play.
13:13 of 3rd period - Chris Drury wins face-off versus Milan Lucic in Nordiques zone.
13:22 of 3rd period - Backhand shot by Marek Svatos.
13:22 of 3rd period - Stopped by Henrik Lundqvist without a rebound.
13:23 of 3rd period - Milan Lucic wins face-off versus Chris Drury in Rangers zone.
13:32 of 3rd period - Slapshot by Nathan Gerbe.
13:32 of 3rd period - Shot Misses the Net.
13:38 of 3rd period - Snap shot by Marek Svatos.
13:38 of 3rd period - Stopped by Henrik Lundqvist with a rebound.
13:40 of 3rd period - Wrist shot by Chris Drury.
13:40 of 3rd period - Stopped by Henrik Lundqvist with a rebound.
13:42 of 3rd period - Wrist shot by Marek Svatos.
13:42 of 3rd period - Stopped by Henrik Lundqvist with a rebound.
13:44 of 3rd period - Snap shot by Dustin Byfuglien.
13:44 of 3rd period - Shot Hit the Post.
13:46 of 3rd period - Snap shot by Marek Svatos.
13:46 of 3rd period - Shot Misses the Net.
13:54 of 3rd period - Snap shot by R.J. Umberger.
13:54 of 3rd period - Stopped by Henrik Lundqvist with a rebound.
13:56 of 3rd period - Snap shot by R.J. Umberger.
13:56 of 3rd period - Deflect By Marek Svatos.
13:56 of 3rd period - Stopped by Henrik Lundqvist with a rebound.
13:58 of 3rd period - Slapshot by Fedor Tyutin.
13:58 of 3rd period - Stopped by Henrik Lundqvist with a rebound.
14:00 of 3rd period - Slapshot by Marek Svatos.
14:00 of 3rd period - Stopped by Henrik Lundqvist with a rebound.
14:04 of 3rd period - Snap shot by Marek Svatos.
14:04 of 3rd period - Shot Misses the Net.
14:06 of 3rd period - Slapshot by Fedor Tyutin.
14:06 of 3rd period - Shot Misses the Net.
14:08 of 3rd period - Snap shot by Marek Svatos.
14:08 of 3rd period - Shot Blocked by Cam Barker.
14:10 of 3rd period - Snap shot by Marek Svatos.
14:10 of 3rd period - Stopped by Henrik Lundqvist without a rebound.
14:11 of 3rd period - Stephen Weiss wins face-off versus Vaclav Prospal in Rangers zone.
15:19 of 3rd period - Pascal Dupuis is hit by Patrice Bergeron and loses puck.
15:32 of 3rd period - Wrist shot by Kyle Calder.
15:32 of 3rd period - Stopped by Henrik Lundqvist with a rebound.
15:57 of 3rd period - Icing by Vaclav Prospal.
15:58 of 3rd period - Rich Peverley wins face-off versus Patrice Bergeron in Nordiques zone.
15:58 of 3rd period - Rich Peverley is hit by Chris Bourque.
16:14 of 3rd period - Snap shot by Mike Cammalleri.
16:14 of 3rd period - Stopped by Julien Ellis without a rebound.
16:15 of 3rd period - Patrice Bergeron wins face-off versus Chris Drury in Nordiques zone.
16:40 of 3rd period - Mark Fistric is hit by Vaclav Prospal and loses puck.
17:06 of 3rd period - Snap shot by Chris Bourque.
17:06 of 3rd period - Shot Blocked by Dmitry Kulikov.
17:44 of 3rd period - Chris Drury is hit by Darren Reid and loses puck.
18:21 of 3rd period - Snap shot by Stephen Weiss.
18:21 of 3rd period - Stopped by Julien Ellis with a rebound.
18:39 of 3rd period - Colten Teubert is hit by Nikita Kucherov and loses puck.
19:15 of 3rd period - Snap shot by Matt Read.
19:15 of 3rd period - Shot Blocked by Vaclav Prospal.
19:17 of 3rd period - Snap shot by Nathan Gerbe.
19:17 of 3rd period - Shot Misses the Net.
19:33 of 3rd period - Stephen Weiss is hit by Chris Drury and loses puck.
19:48 of 3rd period - Paul Gaustad is hit by Milan Lucic and loses puck.
Goals for this period are 0 for Rangers vs 1 for Nordiques.
Shots for this period are 10 for Rangers vs 17 for Nordiques.
Back to the Top